 Dungeon Crawl Stone Soup version 0.30.0-29-ga12c61a403 (webtiles) character file.

Game seed: 2713449969243531177

287 olmar the Ruffian (level 6, 0/50 HPs)
             Began as a Ghoul Gladiator on June 12, 2023.
             Slain by Grinder (13 damage)
             ... on level 4 of the Dungeon.
             The game lasted 00:03:35 (2080 turns).

olmar the Ruffian (Ghoul Gladiator)                 Turns: 2080, Time: 00:03:35

Health: 0/50       AC:  9    Str: 20    XL:     6   Next: 30%
Magic:  5/5        EV:  9    Int:  3    God:
Gold:   239        SH:  0    Dex: 10    Spells: 5/5 levels left

rFire   . .          .
                       - Unarmed
rCold   + . .        (no shield)
rNeg    + + +        p - +0 chain mail
rPois   ∞            b - +0 helmet
rElec   .            (no cloak)
rCorr   .            (no gloves)
SInv    .            (no boots)
Will    .....        (no amulet) Stlth
                     (no ring)
HPRegen 0.00/turn    (no ring)
MPRegen 0.09/turn

%: no passive effects
@: inhibited regen
A: claws 1, cold resistance 1, negative energy resistance 3, inhibited
regeneration, torment resistance 2, devour on kill
a: no special abilities


You were on level 4 of the Dungeon.
You visited 1 branch of the dungeon, and saw 4 of its levels.

You collected 239 gold pieces.

Inventory:

Missiles
 c - 3 throwing nets (quivered)
 d - a javelin
 g - 2 poisoned darts
Armour
 a - a +0 leather armour
 b - a +0 helmet (worn)
 p - a +0 chain mail (worn)
Jewellery
 n - an amulet of faith
Scrolls
 f - 2 scrolls of identify {unknown}
 i - a scroll of vulnerability
 k - a scroll of silence {unknown}
 m - a scroll of magic mapping {unknown}
 o - a scroll of blinking {unknown}
 r - a scroll of enchant weapon {unknown}
 s - a scroll of teleportation {unknown}
Potions
 e - 2 potions of curing {unknown}
 h - a potion of lignification {unknown}
 j - a potion of degeneration {unknown}
 l - a potion of brilliance {unknown}
 q - a potion of invisibility {unknown}


   Skills:
 + Level 2.8 Fighting
 + Level 2.1 Throwing
 + Level 2.2 Armour
 - Level 3.4 Dodging
 + Level 5.8 Unarmed Combat


You had 5 spell levels left.
You didn't know any spells.
Your spell library contained the following spells:

 Spells                   Type           Power      Damage    Failure   Level
 Static Discharge         Conj/Air       0%         2-2/arc   100%        2
 Ignite Poison            Fire/Tmut/Pois 0%         N/A       100%        3
 Airstrike                Air            0%         2d(0-16)  100%        4
 Sticky Flame             Conj/Fire      0%         2d3       100%        4
 Summon Lightning Spire   Summ/Air       0%         N/A       100%        4
 Ignition                 Fire           0%         3d3       100%        8


Dungeon Overview and Level Annotations

Branches:
Dungeon (4/15)
 Temple: D:4-7

Altars:

Annotations:
D:4 Grinder


Innate Abilities, Weirdness & Mutations

You are immune to poison.
You have sharp fingernails.
Your flesh is cold resistant. (rC+)
You are immune to negative energy. (rN+++)
You do not regenerate when monsters are visible.
You are immune to unholy pain and torment.
You thrive by killing the living.


Message History

Unknown command.
Grinder is nearby!
You barely miss Grinder.
Grinder is heavily wounded.
Grinder closely misses you.
Unknown command.
Unknown command.
You scratch Grinder but do no damage.
Grinder is heavily wounded.
Grinder barely misses you.
Grinder is nearby!
Grinder is nearby!
You scratch Grinder but do no damage. You claw Grinder, but do no damage.
Grinder is heavily wounded.
Unknown command.
Unknown command.
Grinder is nearby!
You barely miss Grinder.
Grinder is heavily wounded.
Grinder hits you!
Grinder is nearby!
You barely miss Grinder.
Grinder is heavily wounded.
Grinder misses you.
Grinder is nearby!
You closely miss Grinder.
Grinder is heavily wounded.
Grinder hits you!
* * * LOW HITPOINT WARNING * * *
Grinder is nearby!
You are too injured to fight recklessly!
Unknown command.
You are too injured to fight recklessly!
Throw: 4 throwing nets
Press: ? - help, Q - select action, (/) - cycle Shift-Dir - straight line, f - Grinder
Aim: Grinder (heavily wounded, strong, 53% to hit)
You throw a throwing net.
The throwing net closely misses Grinder.
Grinder hits you!
You die...

###.....#....
###....##....## ......
#.......#.)...# ......
..........#....# .....
..#..##........###....
. . #..
#.........#...##.. ...
##......$.(.......
..#.........!..5.......
)##.........@.......
#.............#...
#.................
##..........#...##
##.........#....#
#..##....#....## #..
.....#...... #.
.............
...###......#


You could see Grinder (strong).

Vanquished Creatures
  A hound (D:4)
  A gnoll bouda (D:3)
  A sleepcap (D:3)
  6 gnolls
  8 adders
  2 worms
  4 dart slugs
  An orc (D:3)
  3 bats (D:2)
  5 endoplasms
  3 goblins
  2 hobgoblins
  7 jackals
  2 quokkas (D:3)
  5 ball pythons
  4 frilled lizards
  3 kobolds (D:2)
  7 rats
65 creatures vanquished.

Notes
Turn   | Place    | Note
-------+----------+-------------------------------------------
     0 | D:1      | olmar the Ghoul Gladiator began the quest for the Orb.
     0 | D:1      | Reached XP level 1. HP: 17/17 MP: 0/0
   124 | D:1      | You fall into a shaft and drop 1 floor!
   129 | D:2      | Reached XP level 2. HP: 24/24 MP: 1/1
   307 | D:2      | Reached XP level 3. HP: 29/30 MP: 2/2
   398 | D:2      | Reached skill level 4 in Unarmed Combat
   502 | D:2      | Reached XP level 4. HP: 13/37 MP: 3/3
   893 | D:2      | Reached skill level 1 in Armour
  1082 | D:3      | Reached XP level 5. HP: 40/42 MP: 4/4
  1632 | D:4      | Reached skill level 5 in Unarmed Combat
  1705 | D:3      | Reached XP level 6. HP: 28/50 MP: 5/5
  2059 | D:4      | Noticed Grinder
  2080 | D:4      | Slain by Grinder

Illustrated notes

Levels and vault maps discovered:
D:1:      heliophobic_arrival_ceremonial_halls, layout_basic, serial_curves,
          eino_curves_03, eino_curves_03, eino_curves_04, eino_curves_02,
          minmay_tromino_v7
D:2:      minmay_spotlight, layout_loops_ring
D:3:      layout_rooms
D:4:      minmay_diamond_boxcup, layout_cave_pools,
          minmay_temple_entry_stoned_glass, reono_crystal_passage,
          uniq_crazy_yiuf_cottage, uniq_grinder

Skill      XL: |  1  2  3  4  5  6 |
---------------+-------------------+-----
Throwing       | 2 |  2.1
Dodging        | 3 |  3.4
Unarmed Combat | 4 5 |  5.8
Armour         | 1 2 |  2.2
Fighting       | |  2.8

Action                     |  1- 3 |  4- 6 || total
---------------------------+-------+-------++-------
  Melee: Unarmed           |    82 |   147 ||   229
         Punch             |       |     5 ||     5
  Throw: Throwing net      |     1 |     2 ||     3
         Javelin           |     1 |       ||     1
         Dart              |       |     1 ||     1
    Use: Scroll            |       |     1 ||     1
 Armour: Leather armour    |    21 |    17 ||    38
         Chain mail        |       |    27 ||    27
  Dodge: Dodged            |    65 |    80 ||   145
